 Dungeon Crawl Stone Soup version 0.23-a0-414-g0aa8dd0f38 (webtiles) character file.

1894 Azzok the Grappler (level 8, -5/67 HPs)
             Began as a Demonspawn Fighter on Nov 9, 2018.
             Slain by an orc warrior
             ... wielding a cursed -2 halberd
              (19 damage)
             ... on level 7 of the Dungeon.
             The game lasted 00:10:22 (8101 turns).

Azzok the Grappler (Demonspawn Fighter)             Turns: 8101, Time: 00:10:22

Health: -5/67      AC: 11    Str: 17    XL:     8   Next: 93%
Magic:  8/8        EV:  4    Int: 17    God:
Gold:   324        SH:  8    Dex: 12    Spells: 7/7 levels left

rFire    + . .     SeeInvis .     - Unarmed
rCold    . . .     Gourm    .   b - +0 shield
rNeg     . . .     Faith    +   e - +0 chain mail
rPois    +         Spirit   .   s - +0 helmet
rElec    .         Reflect  .   (no cloak)
rCorr    .         Harm     .   q - +0 pair of gloves
MR       .....                  (boots unavailable)
Stlth    ..........             u - amulet of faith
HPRegen  1.21/turn              m - ring of protection from fire
MPRegen  0.11/turn              o - ring of poison resistance

@: brilliant, drained
A: talons 3, powered by death 1
a: no special abilities


You were on level 7 of the Dungeon.
You were not hungry.

You visited 1 branch of the dungeon, and saw 7 of its levels.

You collected 324 gold pieces.

Inventory:

Armour
 b - a +0 shield (worn)
 e - a +0 chain mail (worn)
 q - a +0 pair of gloves (worn)
 s - a +0 helmet (worn)
Jewellery
 m - a ring of protection from fire (left hand)
 o - a ring of poison resistance (right hand)
 u - an amulet of faith (around neck)
 x - a +4 ring of intelligence
Wands
 y - a wand of polymorph (10)
Scrolls
 a - 6 scrolls of remove curse {unknown}
 c - 3 scrolls of blinking {unknown}
 f - 2 scrolls of amnesia {unknown}
 g - a scroll of noise {unknown}
 h - 3 scrolls of enchant armour {unknown}
 j - 6 scrolls of teleportation {unknown}
 l - 6 scrolls of identify {unknown}
 p - a scroll of random uselessness {unknown}
 r - a scroll of magic mapping {unknown}
 t - a scroll of enchant weapon {unknown}
Potions
 i - 6 potions of curing
 k - a potion of ambrosia {unknown}
 n - a potion of magic
 v - a potion of brilliance
 w - a potion of agility {unknown}
Comestibles
 d - 10 rations
 z - 7 chunks of flesh


   Skills:
 + Level 7.2(6.6) Fighting
 + Level 3.1(2.6) Armour
 + Level 3.1(2.6) Shields
 + Level 8.6(8.0) Unarmed Combat
 + Level 0.8(0.3) Evocations


You had 7 spell levels left.
You didn't know any spells.
Your spell library contained the following spells:

 Spells                   Type           Power        Failure   Level  Hunger
 Magic Dart               Conj           ##..         80%         1    ##.....
 Summon Small Mammal      Summ           ##..         80%         1    ##.....
 Call Imp                 Summ           ##......     89%         2    ###....
 Call Canine Familiar     Summ           ##......     98%         3    ####...
 Dazzling Spray           Conj/Hex       ##....       98%         3    ####...
 Summon Guardian Golem    Hex/Summ       ##......     98%         3    ####...
 Summon Ice Beast         Ice/Summ       ##......     100%        4    #####..
 Summon Lightning Spire   Summ/Air       ##......     100%        4    #####..
 Discord                  Hex            ##........   100%        8    #######


Dungeon Overview and Level Annotations

Branches:
Dungeon (7/15)
 Temple: D:4-7

Altars:
Ashenzari
Gozag
Kikubaaqudgha
Makhleb
Qazlal
Sif Muna
Vehumet
Yredelemnul
The Shining One

Annotations:
D:2 1 runed door


Innate Abilities, Weirdness & Mutations

You have claws for feet.
You regenerate a little health from kills.


Message History

The orc barely misses you. The orc warrior barely misses you.
Your shield and chain mail prevent you from hitting the orc warrior.
Your kick misses the orc warrior.
The orc warrior is moderately wounded.
The orc hits you but does no damage.
The crimson imp shouts, "Scamper home, thou fulsome roguish fleecer!"
It was a potion of curing.
You feel better. You block the orc warrior's attack.
You block the orc's attack.
It was a potion of brilliance.
You feel clever all of a sudden. You block the orc warrior's attack.
The orc hits you but does no damage.
It was a potion of magic.
Magic courses through your body. The orc hits you but does no damage.
The orc warrior hits you with a cursed -2 halberd!
* * * LOW HITPOINT WARNING * * *
The crimson imp blinks!
You punch the orc!
You kill the orc!
The orc warrior hits you with a cursed -2 halberd!!
You die...

▒·▒▒▒▒▒oo· ··) ▒
▒▒····oo·▒ ▒▒▒▒▒▒▒·▒▒
▒▒▒·▒▒▒▒·▒▒▒ ▒········▒·
·▒··▒▒▒▒·▒▒▒▒▒······▒···
·········[··5·········▒
··▒················▒ ▒
▒▒▒▒▒▒▒
··▒·▒▒▒▒·▒▒▒▒▒···o·▒·▒
······· ▒▒▒·▒
········[o····▒ ▒▒▒▒▒▒▒
▒ ▒·· ··▒▒▒▒▒▒▒@▒▒▒▒▒ ▒
▒▒▒ ▒··▒▒▒▒▒▒▒▒▒▒▒▒▒▒▒ ▒
▒▒··)·(((········· ▒
▒▒▒▒▒▒▒▒▒▒▒▒▒▒▒▒▒ · ▒


You could see an orc warrior, an orc wizard and a crimson imp.

Vanquished Creatures
  An orc warrior (D:7)
  4 centaurs
  3 ogres
  A bullfrog (D:6)
  5 scorpions (D:6)
  2 wights
  A howler monkey (D:5)
  3 crimson imps
  2 jellies
  A bullfrog skeleton (D:7)
  2 orc priests (D:5)
  4 hounds
  3 orc wizards
  An iguana (D:5)
  3 worker ants
  2 hound skeletons (D:5)
  10 adders
  2 adder skeletons
  3 worms
  A dart slug (D:3)
  4 leopard geckos
  21 orcs
  6 giant cockroaches
  7 goblins
  8 hobgoblins
  7 jackals
  7 kobolds
  7 quokkas
  3 ball pythons
  6 bats
  2 frilled lizards
  A jackal zombie (D:5)
  10 rats
143 creatures vanquished.

Vanquished Creatures (others)
  11 fungi (D:6)
11 creatures vanquished.

Grand Total: 154 creatures vanquished

Notes
Turn   | Place    | Note
-------+----------+-------------------------------------------
     0 | D:1      | Azzok the Demonspawn Fighter began the quest for the Orb.
     0 | D:1      | Reached XP level 1. HP: 18/18 MP: 1/1
   160 | D:1      | Reached skill level 2 in Unarmed Combat
   401 | D:1      | Gained mutation: You have sharp toenails. [demonic
                  | ancestry]
   401 | D:1      | Reached XP level 2. HP: 24/24 MP: 2/2
   844 | D:2      | Reached XP level 3. HP: 16/29 MP: 3/3
  1006 | D:2      | Reached skill level 3 in Unarmed Combat
  1596 | D:2      | Reached XP level 4. HP: 37/37 MP: 4/4
  1985 | D:2      | Found a glowing golden altar of the Shining One.
  2134 | D:2      | Found a runed door.
  3038 | D:3      | Reached skill level 4 in Unarmed Combat
  3203 | D:3      | Gained mutation: You regenerate a little health from kills.
                  | [demonic ancestry]
  3203 | D:3      | Reached XP level 5. HP: 30/42 MP: 5/5
  3657 | D:4      | Found a burning altar of Makhleb.
  3657 | D:4      | Noticed a green death
  3808 | D:4      | Found a stormy altar of Qazlal.
  4157 | D:5      | Entered Level 5 of the Dungeon
  4219 | D:5      | Noticed an ogre
  4279 | D:4      | Gained mutation: You have razor-sharp toenails. [demonic
                  | ancestry]
  4279 | D:4      | Reached XP level 6. HP: 49/49 MP: 6/6
  4387 | D:5      | Reached skill level 5 in Unarmed Combat
  4904 | D:5      | Reached skill level 5 in Fighting
  4904 | D:5      | Reached XP level 7. HP: 47/56 MP: 7/7
  5197 | D:5      | Reached skill level 6 in Unarmed Combat
  5273 | D:5      | Found a shattered altar of Ashenzari.
  5462 | D:5      | Found a radiant altar of Vehumet.
  5465 | D:5      | Identified Vehumet's Almanac of Conjuration
  5468 | D:5      | Found an ancient bone altar of Kikubaaqudgha.
  5469 | D:5      | Found a deep blue altar of Sif Muna.
  5745 | D:6      | Found a stormy altar of Qazlal.
  5820 | D:6      | Identified the Compendium of Supportive Hexes
  5838 | D:6      | Found a basalt altar of Yredelemnul.
  5999 | D:6      | Reached skill level 7 in Unarmed Combat
  6168 | D:6      | Gained mutation: You have claws for feet. [demonic
                  | ancestry]
  6168 | D:6      | Reached XP level 8. HP: 50/64 MP: 8/8
  6391 | D:6      | Reached skill level 8 in Unarmed Combat
  7152 | D:6      | Found a glowing golden altar of the Shining One.
  7679 | D:7      | Found an opulent altar of Gozag.
  8101 | D:7      | Slain by an orc warrior

Vault maps used:
D:1:      matt_arrival_diagonals, minmay_curled_crystal, minivault_14,
          hangedman_decor_growths, st_stairs_13
D:2:      kennysheep_big_flooded_room, serial_rivers,
          chequers_serial_rivers_marsh, chequers_serial_rivers_marsh,
          chequers_serial_rivers_small_b, chequers_serial_rivers_small_a,
          nicolae_tso_carved_into_rock, uniq_crazy_yiuf_cottage
D:3:      first_ration
D:4:      nicolae_qazlal_eye_of_the_storm, makhleb_altar_promises_db,
          kennysheep_small_square
D:5:      grunt_temple_overflow_magic_moments, marbit_many_paths,
          hangedman_decor_clover_reticule, minivault_27, grunt_decor_cap
D:6:      old_forge, grunt_temple_overflow_holy_war, basic_altar
D:7:      minmay_temple_entry_steel_oval, enter_ossuary_5, grunt_gozag_statues

Skill      XL: |  1  2  3  4  5  6  7  8 |
---------------+-------------------------+-----
Unarmed Combat | 2 3 4 5 7 8 |  8.6
Fighting       | 4 5 6 7 |  7.2
Armour         | 3 |  3.1
Shields        | 3 |  3.1
Evocations     | |  0.8

Action                   |  1- 3 |  4- 6 |  7- 9 || total
-------------------------+-------+-------+-------++-------
Melee: Unarmed           |   135 |   242 |   260 ||   637
       Kick              |    22 |    54 |    59 ||   135
  Use: Potion            |     1 |       |     3 ||     4
  Eat: Chunk             |     2 |    11 |     7 ||    20
       Ration            |       |       |     1 ||     1
Armor: Chain mail        |    58 |   114 |    98 ||   270
       Scale mail        |     7 |       |       ||     7
Dodge: Dodged            |    24 |    32 |    36 ||    92
Block: Shield            |    59 |    75 |    92 ||   226

Table legend:
 A = Non-vault XP
 B = Vault XP
 C = Vault XP percentage of total XP
 D = Non-vault monster count
 E = Vault monster count
 F = Vault count percentage of total count
                 A         B        C        D         E       F
            +---------+---------+-------+---------+---------+-------
      Total |    2233 |     473 |  17.5 |     126 |      17 |  11.9
            +---------+---------+-------+---------+---------+-------
        D:1 |      26 |       1 |   3.7 |      15 |       1 |   6.2
        D:2 |     106 |      15 |  12.4 |      30 |       2 |   6.2
        D:3 |      55 |       0 |   0.0 |      18 |       0 |   0.0
        D:4 |     110 |       5 |   4.3 |      11 |       2 |  15.4
        D:5 |     749 |      54 |   6.7 |      23 |       1 |   4.2
        D:6 |     856 |     398 |  31.7 |      19 |      11 |  36.7
        D:7 |     331 |       0 |   0.0 |      10 |       0 |   0.0
            +---------+---------+-------+---------+---------+-------
